 Dungeon Crawl Stone Soup version 0.30.0-11-gf55b779eaf (webtiles) character file.

Game seed: 16223767412741586305

35 JanusIIV the Poker (level 3, 0/29 HPs)
             Began as a Merfolk Warper on May 16, 2023.
             Killed from afar by an orc wizard (6 damage)
             ... with a puff of flame
             ... on level 2 of the Dungeon.
             The game lasted 00:02:49 (854 turns).

JanusIIV the Poker (Merfolk Warper)                  Turns: 854, Time: 00:02:50

Health: 0/29       AC:  5    Str: 13    XL:     3   Next: 35%
Magic:  6/6        EV: 12    Int: 12    God:
Gold:   43         SH:  0    Dex: 13    Spells: 6/6 levels left

rFire   . . .        a - +0 spear
rCold   . . .        (no shield)
rNeg    . . .        b - +0 leather armour
rPois   .            (no helmet)
rElec   .            (no cloak)
rCorr   .            g - +1 pair of gloves
SInv    .            (no boots)
Will    .....        (no amulet)
Stlth   +            (no ring)
HPRegen 0.24/turn    (no ring)
MPRegen 0.10/turn

%: no passive effects
@: no status effects
A: (nimble swimmer 2), mertail
a: no special abilities


You were on level 2 of the Dungeon.
You visited 1 branch of the dungeon, and saw 2 of its levels.

You collected 43 gold pieces.

Inventory:

Hand Weapons
 a - a +0 spear (weapon)
Missiles
 d - 7 boomerangs of dispersal (quivered)
Armour
 b - a +0 leather armour (worn)
 g - a +1 pair of gloves (worn)
Scrolls
 c - a scroll of blinking
 f - 3 scrolls of teleportation {unknown}
Potions
 e - a potion of brilliance {unknown}


   Skills:
 + Level 3.0 Fighting
 + Level 4.2 Polearms
 - Level 1.0 Throwing
 - Level 0.6 Armour
 - Level 2.6 Dodging
 - Level 2.0 Spellcasting
 - Level 2.4 Translocations


You had 6 spell levels left.
You didn't know any spells.
Your spell library contained the following spells:

 Spells                   Type           Power      Damage    Failure   Level
 Blink                    Tloc           12%        N/A       21%         2
 Lesser Beckoning         Tloc           12%        N/A       21%         2
 Beastly Appendage        Tmut           2%         N/A       34%         1
 Teleport Other           Tloc           6%         N/A       36%         3
 Wereblood                Tmut           1%         N/A       45%         2
 Vhi's Electric Charge    Tloc/Air       8%         N/A       54%         3
 Spider Form              Tmut/Pois      1%         N/A       71%         3
 Manifold Assault         Tloc           6%         N/A       78%         4


Dungeon Overview and Level Annotations

Branches:
Dungeon (2/15)

Altars:


Innate Abilities, Weirdness & Mutations

((You are very nimble when in or above water. (Stealth+, EV+, Speed+++)))
Your lower body shifts to a powerful aquatic tail in water.


Message History

No target in view!
No target in view!
You closely miss something. Something hits you.
You closely miss something.
You hear some strange, mumbled words.
You are confused.
You bump into the rock wall.
Something hits you but does no damage.
You miss something.
An orc comes into view. It is wielding a +0 mace.
Something hits you but does no damage.
You bump into the rock wall.
Something hits you.
You closely miss something. Something hits you.
You bump into the rock wall.
You hear some strange, mumbled words.
You are more confused.
You bump into the rock wall.
Something hits you.
You completely miss something. Something barely misses you.
You miss something. You closely miss something. Something hits you.
You're too confused to move!
You hear some strange, mumbled words.
Something tries to affect you, but you resist.
You hit something.
You hear some strange, mumbled words.
You are more confused.
You bump into the rock wall.
Something hits you but does no damage.
You bump into the rock wall.
Something hits you. Something hits you but does no damage.
You bump into the rock wall.
You bump into the rock wall.
Something hits you. Something hits you but does no damage.
You feel less confused.
A magic dart appears from out of thin air!
The magic dart hits you!
You barely miss the orc. The orc hits you with a +0 mace.
* * * LOW HITPOINT WARNING * * *
You hear some strange, mumbled words.
A puff of flame appears from out of thin air!
The puff of flame hits you.
You die...

### .. #.# .. #.# #.##
######..## #.?#
##.........#####@###
.............)(o...##
...........####{##!.###.
#........ #.###.....
.....## #.....###
......##########..#...##
...............#........
.###†.########........#.
..<.#.....######......##


You could see an orc.

Vanquished Creatures
  An orc (D:2)
  2 bats (D:1)
  4 endoplasms (D:1)
  3 giant cockroaches (D:1)
  3 goblins
  3 hobgoblins
  3 jackals (D:2)
  A quokka (D:1)
  4 ball pythons
  2 frilled lizards (D:1)
  3 kobolds (D:1)
  A rat (D:1)
30 creatures vanquished.

Notes
Turn   | Place    | Note
-------+----------+-------------------------------------------
     0 | D:1      | JanusIIV the Merfolk Warper began the quest for the Orb.
     0 | D:1      | Reached XP level 1. HP: 16/16 MP: 3/3
    70 | D:1      | Reached skill level 3 in Polearms
   157 | D:1      | Reached XP level 2. HP: 23/23 MP: 5/5
   530 | D:1      | Reached XP level 3. HP: 27/28 MP: 6/6
   595 | D:1      | Reached skill level 4 in Polearms
   854 | D:2      | Killed from afar by an orc wizard

Illustrated notes

Levels and vault maps discovered:
D:1:      dpeg_arrival_renting, layout_rooms, minmay_nonomino_d4
D:2:      layout_rooms, basic_altar, uniq_terence

Skill      XL: |  1  2  3 |
---------------+----------+-----
Polearms       | 3 4 |  4.2
Fighting       | 3 |  3.0
Throwing       | |  1.0
Armour         | |  0.6
Dodging        | |  2.6
Spellcasting   | |  2.0
Translocations | |  2.4

Action                     || total
---------------------------++-------
  Melee: Spear             ||   150
   Stab: Sleeping          ||     1
 Armour: Leather armour    ||    28
  Dodge: Dodged            ||    64
